[ AOE2 MATCH · #507397380 ]
UnrankedBulgarians vs Incas
[ REPLAY ANALYSIS · EXTRACTED FROM THE RECORDED GAME ]
Feudal
10:59
Castle
15:21
Imperial
—
| APM avg | 27.2 |
| APM peak | 63 |
| eAPM avg | 14.0 |
| Villagers / military | 116 / 28 |
Focus
⚔️ 16.3% · 🌾 83.7%
Knight ×27 · Monk ×1
Feudal
9:34
Castle
21:55
Imperial
—
| APM avg | 24.1 |
| APM peak | 60 |
| eAPM avg | 11.8 |
| Villagers / military | 107 / 19 |
Focus
⚔️ 27.2% · 🌾 72.8%
Mangonel ×5 · Skirmisher ×5 · Archer ×3 · Militia ×3 · Scorpion ×3
Feudal
8:51
Castle
22:49
Imperial
—
| APM avg | 61.1 |
| APM peak | 114 |
| eAPM avg | 20.8 |
| Villagers / military | 83 / 77 |
Focus
⚔️ 40.1% · 🌾 59.9%
Archer ×74 · Spearman ×3
Feudal
11:27
Castle
15:38
Imperial
36:36
| APM avg | 41.3 |
| APM peak | 78 |
| eAPM avg | 19.9 |
| Villagers / military | 127 / 17 |
Focus
⚔️ 15.9% · 🌾 84.1%
Knight ×6 · Monk ×5 · Boyar ×5 · Mangonel ×1
Feudal
11:56
Castle
16:18
Imperial
—
| APM avg | 39.8 |
| APM peak | 96 |
| eAPM avg | 13.6 |
| Villagers / military | 95 / 0 |
Focus
⚔️ 21.4% · 🌾 78.6%
Unknown (1944) ×47
Feudal
9:08
Castle
24:18
Imperial
—
| APM avg | 38.7 |
| APM peak | 73 |
| eAPM avg | 14.0 |
| Villagers / military | 83 / 74 |
Focus
⚔️ 37.0% · 🌾 63.0%
Cavalry Archer ×38 · Archer ×36
Match map
Initial resources + every placement click. Lines = walls · curves = elevation contours. ◆ gold · ⬟ stone · ● berries · ✦ relic · ◌ wall gap
Your base· Open — unwalled flank
Komibeorn's base· ✓ Closed at 21:55 · 26t walls · 1 gate(s) · fragile
MuyFloji's base· ✓ Closed at 22:49 · 9t walls · 1 gate(s)
Peanut's base· Open — unwalled flank
[Traidor] Staun's base· Open — unwalled flank
Anfauglir8434's base· ✓ Closed at 24:18 · 33t walls · 2 gate(s)
Smoothed initial terrain · ◌ = detected wall gap · hover for details
Inputs per minute
— Dr T - - Komibeorn
Build order — Dr T
First 150 of 253 actions detected
| 0:01 | Queue | Villager (Male) |
| 0:01 | Queue | Villager (Male) |
| 0:01 | Queue | Villager (Male) |
| 0:02 | Queue | Villager (Male) |
| 0:02 | Queue | Villager (Male) |
| 0:04 | Build | House |
| 0:07 | Build | House |
| 1:38 | Queue | Villager (Male) |
| 1:38 | Queue | Villager (Male) |
| 2:17 | Build | Lumber Camp |
| 2:19 | Queue | Villager (Male) |
| 2:19 | Queue | Villager (Male) |
| 2:32 | Queue | Villager (Male) |
| 2:32 | Queue | Villager (Male) |
| 3:00 | Queue | Villager (Male) |
| 3:15 | Queue | Villager (Male) |
| 3:38 | Build | House |
| 4:00 | Queue | Villager (Male) |
| 4:17 | Queue | Villager (Male) |
| 4:18 | Queue | Villager (Male) |
| 4:45 | Queue | Villager (Male) |
| 4:51 | Queue | Villager (Male) |
| 4:51 | Queue | Villager (Male) |
| 5:44 | Build | House |
| 5:54 | Queue | Villager (Male) |
| 5:54 | Queue | Villager (Male) |
| 5:55 | Queue | Villager (Male) |
| 5:55 | Queue | Villager (Male) |
| 6:14 | Queue | Villager (Male) |
| 6:33 | Queue | Villager (Male) |
| 7:44 | Build | Mining Camp |
| 8:49 | Research | Feudal Age |
| 8:49 | Research | Loom |
| 9:31 | Build | Mill |
| 10:59 | Age | Feudal Age |
| 11:00 | Build | Blacksmith |
| 11:02 | Build | Market |
| 11:07 | Build | House |
| 11:09 | Queue | Villager (Male) |
| 11:10 | Queue | Villager (Male) |
| 12:41 | Research | Castle Age |
| 12:54 | Build | Barracks |
| 13:00 | Build | Farm |
| 13:00 | Build | Farm |
| 13:01 | Build | Farm |
| 13:01 | Build | Farm |
| 13:01 | Build | Farm |
| 13:29 | Build | Farm |
| 14:30 | Build | Stable |
| 14:43 | Queue | Villager (Male) |
| 15:21 | Age | Castle Age |
| 15:28 | Build | Stable |
| 15:32 | Queue | Villager (Male) |
| 15:35 | Queue | Knight |
| 15:35 | Queue | Knight |
| 15:44 | Research | Scale Barding Armor |
| 15:46 | Queue | Villager (Male) |
| 16:06 | Queue | Knight |
| 16:34 | Queue | Knight |
| 16:54 | Research | Husbandry |
| 16:55 | Queue | Villager (Male) |
| 18:04 | Build | Farm |
| 18:04 | Build | Farm |
| 18:05 | Build | Farm |
| 18:05 | Build | Farm |
| 18:05 | Build | Farm |
| 18:06 | Build | Farm |
| 18:06 | Build | Farm |
| 18:06 | Build | Farm |
| 18:08 | Research | Horse Collar |
| 18:32 | Queue | Villager (Male) |
| 18:33 | Queue | Villager (Male) |
| 18:33 | Queue | Villager (Male) |
| 19:05 | Build | Town Center |
| 19:13 | Queue | Villager (Male) |
| 19:20 | Queue | Villager (Male) |
| 19:29 | Queue | Villager (Male) |
| 19:43 | Queue | Villager (Male) |
| 19:43 | Queue | Villager (Male) |
| 19:52 | Build | Farm |
| 20:24 | Build | Farm |
| 20:25 | Queue | Villager (Male) |
| 20:29 | Queue | Villager (Male) |
| 20:40 | Queue | Villager (Male) |
| 20:40 | Queue | Villager (Male) |
| 20:42 | Queue | Villager (Male) |
| 20:55 | Queue | Villager (Male) |
| 20:56 | Queue | Villager (Male) |
| 21:04 | Queue | Villager (Male) |
| 21:18 | Build | Town Center |
| 21:25 | Research | Gold Mining |
| 21:28 | Queue | Villager (Male) |
| 21:36 | Build | Farm |
| 21:39 | Queue | Villager (Male) |
| 21:50 | Queue | Villager (Male) |
| 21:57 | Build | Farm |
| 22:12 | Queue | Villager (Male) |
| 22:27 | Research | Heavy Plow |
| 22:54 | Research | Double-Bit Axe |
| 22:58 | Build | House |
| 23:12 | Build | Farm |
| 23:13 | Queue | Villager (Male) |
| 23:13 | Queue | Villager (Male) |
| 23:17 | Queue | Villager (Male) |
| 23:29 | Build | House |
| 23:30 | Build | House |
| 23:30 | Build | House |
| 23:30 | Build | House |
| 23:32 | Build | House |
| 23:32 | Build | House |
| 23:33 | Build | House |
| 23:33 | Build | House |
| 23:33 | Build | House |
| 23:36 | Build | Farm |
| 23:38 | Queue | Villager (Male) |
| 23:47 | Build | Farm |
| 23:48 | Queue | Villager (Male) |
| 23:52 | Queue | Villager (Male) |
| 24:01 | Queue | Villager (Male) |
| 24:17 | Queue | Villager (Male) |
| 24:21 | Build | Farm |
| 24:25 | Queue | Villager (Male) |
| 24:31 | Queue | Villager (Male) |
| 24:42 | Build | House |
| 24:42 | Build | House |
| 24:42 | Build | House |
| 24:43 | Build | House |
| 24:43 | Build | House |
| 24:47 | Build | Monastery |
| 24:53 | Queue | Villager (Male) |
| 24:55 | Queue | Villager (Male) |
| 24:58 | Build | Farm |
| 25:00 | Queue | Villager (Male) |
| 25:10 | Build | Lumber Camp |
| 25:19 | Queue | Knight |
| 25:19 | Queue | Knight |
| 25:19 | Queue | Knight |
| 25:34 | Queue | Villager (Male) |
| 25:35 | Build | Farm |
| 25:37 | Queue | Villager (Male) |
| 25:44 | Queue | Knight |
| 25:45 | Queue | Knight |
| 25:49 | Queue | Villager (Male) |
| 25:54 | Queue | Monk |
| 26:12 | Queue | Villager (Male) |
| 26:20 | Build | Stable |
| 26:22 | Queue | Villager (Male) |
| 26:29 | Research | Chain Barding Armor |
| 26:43 | Build | House |
| 26:43 | Build | House |
Build order — Komibeorn
First 150 of 188 actions detected
| 0:01 | Queue | Villager (Male) ×4 |
| 0:02 | Build | House |
| 0:04 | Build | House |
| 1:36 | Queue | Villager (Male) |
| 1:37 | Queue | Villager (Male) |
| 1:50 | Build | Lumber Camp |
| 2:05 | Queue | Villager (Male) |
| 2:26 | Queue | Villager (Male) |
| 3:00 | Queue | Villager (Male) |
| 3:20 | Queue | Villager (Male) |
| 3:57 | Queue | Villager (Male) |
| 3:57 | Queue | Villager (Male) |
| 4:39 | Queue | Villager (Male) |
| 4:49 | Research | Loom |
| 4:52 | Build | House |
| 4:56 | Queue | Villager (Male) |
| 5:27 | Queue | Villager (Male) |
| 6:00 | Queue | Villager (Male) |
| 6:20 | Build | Barracks |
| 6:35 | Queue | Villager (Male) |
| 7:24 | Research | Feudal Age |
| 7:56 | Build | Mining Camp |
| 7:58 | Queue | Militia |
| 7:58 | Queue | Militia |
| 8:31 | Queue | Villager (Male) |
| 8:47 | Queue | Militia |
| 9:10 | Build | House |
| 9:34 | Age | Feudal Age |
| 9:35 | Research | Man-at-Arms (upgrade) |
| 9:49 | Build | House |
| 10:12 | Queue | Villager (Male) |
| 10:23 | Build | Archery Range |
| 10:28 | Build | Mill |
| 10:29 | Queue | Villager (Male) |
| 10:52 | Queue | Villager (Male) |
| 11:03 | Queue | Villager (Male) |
| 11:46 | Queue | Villager (Male) |
| 11:48 | Build | Farm |
| 11:49 | Build | Farm |
| 11:49 | Build | Farm |
| 11:49 | Build | Farm |
| 11:49 | Build | Farm |
| 12:03 | Queue | Villager (Male) |
| 12:27 | Build | Farm |
| 12:29 | Queue | Archer ×3 |
| 12:39 | Queue | Villager (Male) |
| 12:54 | Queue | Villager (Male) |
| 13:23 | Build | House |
| 13:30 | Build | Palisade Wall |
| 13:47 | Build | House |
| 14:04 | Queue | Villager (Male) |
| 14:06 | Queue | Villager (Male) |
| 14:13 | Build | Palisade Gate |
| 14:26 | Queue | Villager (Male) |
| 14:34 | Build | House |
| 14:36 | Build | Palisade Wall |
| 14:44 | Build | Farm |
| 15:07 | Queue | Villager (Male) |
| 15:15 | Build | House |
| 15:16 | Build | Palisade Wall |
| 15:37 | Queue | Villager (Male) |
| 15:48 | Queue | Villager (Male) |
| 15:59 | Build | Market |
| 16:28 | Queue | Skirmisher ×5 |
| 16:45 | Build | Farm |
| 16:45 | Build | Farm |
| 16:53 | Build | Lumber Camp |
| 16:56 | Build | Farm |
| 17:05 | Build | Farm |
| 17:18 | Queue | Villager (Male) |
| 17:49 | Build | Farm |
| 17:49 | Build | Farm |
| 17:58 | Build | Farm |
| 18:01 | Queue | Villager (Male) |
| 18:16 | Build | House |
| 18:31 | Build | Blacksmith |
| 18:32 | Research | Double-Bit Axe |
| 18:43 | Build | Farm |
| 18:43 | Build | Farm |
| 19:06 | Build | Farm |
| 19:15 | Research | Castle Age |
| 20:01 | Research | Fletching |
| 20:40 | Build | Farm |
| 21:15 | Research | Horse Collar |
| 21:55 | Age | Castle Age |
| 21:59 | Build | Town Center |
| 22:00 | Queue | Villager (Male) |
| 22:02 | Research | Heavy Plow |
| 22:05 | Research | Bow Saw |
| 22:11 | Queue | Villager (Male) |
| 22:36 | Build | Town Center |
| 22:45 | Build | Farm |
| 23:00 | Queue | Villager (Male) |
| 23:02 | Queue | Villager (Male) |
| 23:08 | Queue | Villager (Male) |
| 23:13 | Queue | Villager (Male) |
| 23:43 | Build | Farm |
| 23:43 | Build | Farm |
| 23:47 | Queue | Villager (Male) |
| 23:47 | Queue | Villager (Male) |
| 23:50 | Build | Farm |
| 24:01 | Queue | Villager (Male) ×5 |
| 24:06 | Build | Farm |
| 24:06 | Build | Farm |
| 24:13 | Queue | Villager (Male) ×5 |
| 24:20 | Research | Wheelbarrow |
| 24:44 | Build | Farm |
| 24:46 | Build | Farm |
| 24:47 | Queue | Villager (Male) ×2 |
| 24:49 | Build | Farm |
| 24:52 | Build | Farm |
| 24:55 | Build | Farm |
| 24:59 | Build | Farm |
| 25:02 | Queue | Villager (Male) ×2 |
| 25:09 | Build | Farm |
| 25:32 | Build | Farm |
| 25:34 | Build | Farm |
| 25:55 | Build | Mining Camp |
| 26:33 | Queue | Villager (Male) ×5 |
| 26:38 | Research | Hand Cart |
| 26:50 | Build | Watch Tower |
| 27:02 | Build | Mill |
| 27:02 | Build | Farm |
| 27:03 | Build | Farm |
| 27:03 | Build | Farm |
| 27:03 | Build | Farm |
| 27:03 | Build | Farm |
| 27:12 | Build | Farm |
| 27:34 | Build | Siege Workshop |
| 27:54 | Queue | Villager (Male) |
| 27:55 | Queue | Villager (Male) ×5 |
| 27:55 | Queue | Villager (Male) ×5 |
| 28:03 | Queue | Villager (Male) |
| 28:03 | Queue | Villager (Male) |
| 28:20 | Queue | Mangonel |
| 28:20 | Queue | Mangonel |
| 28:31 | Build | Farm |
| 28:54 | Queue | Villager (Male) ×5 |
| 28:56 | Build | Farm |
| 28:56 | Build | Farm |
| 28:56 | Build | Farm |
| 28:57 | Build | Farm |
| 29:11 | Queue | Villager (Male) |
| 29:15 | Build | Farm |
| 29:15 | Build | Farm |
| 29:15 | Build | Farm |
| 29:26 | Build | Farm |
| 29:26 | Build | Farm |
| 29:26 | Build | Farm |
| 29:30 | Build | Farm |
Build order — MuyFloji
First 150 of 262 actions detected
| 0:01 | Queue | Villager (Male) |
| 0:02 | Build | House |
| 0:02 | Queue | Villager (Male) |
| 0:04 | Build | House |
| 0:07 | Queue | Villager (Male) |
| 0:13 | Queue | Villager (Male) |
| 1:30 | Queue | Villager (Male) |
| 1:47 | Queue | Villager (Male) |
| 2:13 | Queue | Villager (Male) |
| 2:40 | Build | Settlement |
| 2:50 | Queue | Villager (Male) |
| 3:10 | Queue | Villager (Male) |
| 3:26 | Queue | Villager (Male) |
| 4:02 | Queue | Villager (Male) |
| 4:04 | Queue | Villager (Male) |
| 4:34 | Queue | Villager (Male) |
| 4:39 | Queue | Villager (Male) |
| 5:40 | Build | Settlement |
| 5:43 | Queue | Villager (Male) |
| 6:11 | Research | Loom |
| 6:38 | Research | Feudal Age |
| 7:44 | Build | Barracks |
| 8:20 | Queue | Villager (Male) |
| 8:51 | Age | Feudal Age |
| 8:53 | Build | Archery Range |
| 9:04 | Queue | Villager (Male) |
| 9:29 | Build | Archery Range |
| 9:43 | Queue | Villager (Male) |
| 9:50 | Queue | Archer |
| 9:55 | Queue | Villager (Male) |
| 10:01 | Build | House |
| 10:09 | Queue | Villager (Male) |
| 10:15 | Research | Double-Bit Axe |
| 10:19 | Queue | Archer |
| 10:25 | Queue | Archer |
| 10:27 | Build | House |
| 10:36 | Queue | Archer |
| 10:50 | Build | House |
| 10:55 | Build | Palisade Wall |
| 11:00 | Queue | Villager (Male) |
| 11:06 | Queue | Archer |
| 11:31 | Build | Blacksmith |
| 11:34 | Queue | Villager (Male) |
| 11:36 | Queue | Villager (Male) |
| 11:55 | Build | Settlement |
| 11:59 | Queue | Villager (Male) |
| 12:04 | Build | House |
| 12:06 | Build | Palisade Wall |
| 12:13 | Queue | Archer |
| 12:13 | Queue | Archer |
| 12:13 | Queue | Villager (Male) |
| 12:29 | Queue | Archer |
| 12:34 | Build | House |
| 12:46 | Build | Farm |
| 12:51 | Queue | Archer |
| 12:51 | Queue | Archer |
| 13:21 | Build | House |
| 13:27 | Research | Fletching |
| 13:27 | Research | Fletching |
| 13:29 | Build | Farm |
| 13:30 | Build | Farm |
| 13:47 | Build | House |
| 14:03 | Queue | Villager (Male) |
| 14:08 | Build | Farm |
| 14:16 | Queue | Archer |
| 14:17 | Queue | Archer |
| 14:17 | Queue | Archer |
| 14:24 | Queue | Villager (Male) |
| 14:37 | Queue | Archer |
| 14:41 | Build | Farm |
| 14:43 | Queue | Villager (Male) |
| 14:48 | Build | Farm |
| 14:57 | Queue | Archer |
| 14:57 | Queue | Archer |
| 14:57 | Queue | Villager (Male) |
| 15:21 | Queue | Villager (Male) |
| 15:23 | Build | Farm |
| 15:24 | Build | Farm |
| 15:27 | Build | Palisade Gate |
| 15:57 | Queue | Villager (Male) |
| 16:16 | Queue | Villager (Male) |
| 16:20 | Queue | Villager (Male) |
| 16:42 | Research | Padded Archer Armor |
| 16:44 | Queue | Villager (Male) |
| 16:45 | Queue | Spearman |
| 16:58 | Queue | Spearman |
| 16:59 | Queue | Villager (Male) |
| 17:03 | Build | Farm |
| 17:04 | Build | Farm |
| 17:07 | Build | Farm |
| 17:10 | Queue | Archer |
| 17:11 | Queue | Archer |
| 17:11 | Queue | Archer |
| 17:30 | Queue | Archer |
| 17:30 | Queue | Archer |
| 17:30 | Queue | Villager (Male) |
| 17:34 | Queue | Spearman |
| 18:00 | Queue | Villager (Male) |
| 18:06 | Build | Farm |
| 18:07 | Build | Farm |
| 18:20 | Build | Farm |
| 18:22 | Build | Farm |
| 18:33 | Build | Farm |
| 18:39 | Queue | Villager (Male) |
| 18:42 | Queue | Archer |
| 18:42 | Queue | Archer |
| 18:42 | Queue | Villager (Male) |
| 18:47 | Build | Farm |
| 18:59 | Build | House |
| 19:05 | Queue | Archer |
| 19:05 | Queue | Archer |
| 19:05 | Queue | Villager (Male) |
| 19:16 | Build | Farm |
| 19:36 | Build | Market |
| 19:40 | Queue | Archer |
| 20:09 | Research | Castle Age |
| 20:11 | Queue | Archer |
| 20:11 | Queue | Archer |
| 21:07 | Build | Archery Range |
| 21:11 | Queue | Villager (Male) |
| 21:18 | Research | Horse Collar |
| 21:27 | Research | Gold Mining |
| 21:27 | Research | Gold Mining |
| 21:43 | Queue | Archer |
| 21:44 | Queue | Archer |
| 21:44 | Queue | Villager (Male) |
| 22:04 | Queue | Archer |
| 22:04 | Queue | Archer |
| 22:16 | Queue | Archer |
| 22:17 | Queue | Archer |
| 22:25 | Build | Settlement |
| 22:49 | Age | Castle Age |
| 22:53 | Research | Bodkin Arrow |
| 23:12 | Research | Crossbowman (upgrade) |
| 23:12 | Research | Crossbowman (upgrade) |
| 23:15 | Queue | Villager (Male) |
| 23:17 | Queue | Villager (Male) |
| 23:25 | Build | University |
| 23:32 | Build | Farm |
| 23:38 | Queue | Villager (Male) |
| 23:55 | Build | Farm |
| 24:13 | Research | Leather Archer Armor |
| 24:15 | Research | Thumb Ring |
| 24:15 | Research | Thumb Ring |
| 24:15 | Queue | Villager (Male) |
| 24:16 | Queue | Villager (Male) |
| 24:17 | Queue | Villager (Male) |
| 24:19 | Queue | Villager (Male) |
| 24:54 | Build | Farm |
| 24:55 | Build | Farm |
Build order — Peanut
First 150 of 265 actions detected
| 0:02 | Queue | Villager (Male) |
| 0:02 | Queue | Villager (Male) |
| 0:04 | Build | House |
| 0:05 | Build | House |
| 0:09 | Queue | Villager (Male) |
| 0:09 | Queue | Villager (Male) |
| 1:38 | Queue | Villager (Male) |
| 1:51 | Build | Lumber Camp |
| 2:03 | Queue | Villager (Male) |
| 2:22 | Queue | Villager (Male) |
| 2:52 | Queue | Villager (Male) |
| 3:13 | Queue | Villager (Male) |
| 3:30 | Build | House |
| 3:44 | Queue | Villager (Male) |
| 4:08 | Queue | Villager (Male) |
| 4:24 | Build | House |
| 4:29 | Queue | Villager (Male) |
| 5:02 | Queue | Villager (Male) |
| 5:22 | Queue | Villager (Male) |
| 5:42 | Queue | Villager (Male) |
| 5:59 | Queue | Villager (Male) |
| 6:03 | Build | Mill |
| 6:16 | Build | House |
| 6:17 | Build | Palisade Wall |
| 6:20 | Queue | Villager (Male) |
| 7:01 | Build | Palisade Wall |
| 7:11 | Queue | Villager (Male) |
| 7:22 | Queue | Villager (Male) |
| 7:49 | Queue | Villager (Male) |
| 8:09 | Queue | Villager (Male) |
| 8:25 | Research | Loom |
| 8:43 | Research | Feudal Age |
| 8:49 | Build | Farm |
| 8:50 | Build | Farm |
| 8:54 | Build | Farm |
| 9:15 | Build | House |
| 9:18 | Build | Palisade Wall |
| 9:34 | Build | Mining Camp |
| 10:22 | Build | Farm |
| 10:24 | Build | Farm |
| 10:49 | Queue | Villager (Male) |
| 10:49 | Queue | Villager (Male) |
| 10:58 | Build | Farm |
| 11:27 | Age | Feudal Age |
| 11:29 | Build | Blacksmith |
| 11:40 | Build | Market |
| 12:58 | Research | Castle Age |
| 13:32 | Build | Watch Tower |
| 14:06 | Research | Double-Bit Axe |
| 14:35 | Build | Barracks |
| 15:10 | Build | House |
| 15:15 | Queue | Villager (Male) |
| 15:32 | Build | Stable |
| 15:38 | Age | Castle Age |
| 15:50 | Queue | Villager (Male) |
| 16:15 | Queue | Villager (Male) |
| 16:25 | Build | Stable |
| 16:26 | Queue | Villager (Male) |
| 16:44 | Queue | Villager (Male) |
| 16:57 | Queue | Knight |
| 17:07 | Build | Farm |
| 17:08 | Build | Farm |
| 17:11 | Queue | Villager (Male) |
| 17:19 | Queue | Knight |
| 17:29 | Build | Farm |
| 17:52 | Queue | Villager (Male) |
| 18:10 | Queue | Villager (Male) |
| 18:12 | Queue | Knight |
| 18:21 | Queue | Villager (Male) |
| 18:51 | Build | Town Center |
| 19:02 | Queue | Villager (Male) |
| 19:20 | Build | Farm |
| 19:29 | Research | Horse Collar |
| 19:32 | Build | Farm |
| 19:37 | Build | Farm |
| 19:47 | Queue | Villager (Male) |
| 19:55 | Queue | Villager (Male) |
| 20:05 | Build | Farm |
| 20:07 | Queue | Villager (Male) |
| 20:29 | Build | Farm |
| 20:31 | Build | Farm |
| 20:35 | Build | Farm |
| 20:48 | Queue | Villager (Male) |
| 20:49 | Queue | Villager (Male) |
| 20:54 | Build | Farm |
| 21:05 | Build | Farm |
| 21:08 | Queue | Villager (Male) |
| 21:09 | Queue | Villager (Male) |
| 21:29 | Build | Farm |
| 21:34 | Queue | Villager (Male) |
| 21:35 | Queue | Villager (Male) |
| 21:43 | Build | Farm |
| 22:00 | Queue | Villager (Male) |
| 22:01 | Queue | Villager (Male) |
| 22:09 | Build | Farm |
| 22:13 | Build | Farm |
| 22:14 | Build | Farm |
| 22:24 | Queue | Villager (Male) |
| 22:25 | Queue | Villager (Male) |
| 22:39 | Build | Town Center |
| 22:44 | Queue | Villager (Male) |
| 22:45 | Queue | Villager (Male) |
| 22:47 | Queue | Villager (Male) |
| 22:58 | Build | Farm |
| 23:01 | Queue | Knight |
| 23:02 | Queue | Knight |
| 23:05 | Build | Farm |
| 23:15 | Queue | Villager (Male) |
| 23:16 | Queue | Villager (Male) |
| 23:23 | Build | Farm |
| 23:27 | Build | House |
| 23:28 | Build | House |
| 23:31 | Queue | Villager (Male) |
| 23:45 | Queue | Villager (Male) |
| 23:46 | Queue | Villager (Male) |
| 23:57 | Build | Lumber Camp |
| 24:00 | Build | Farm |
| 24:08 | Queue | Villager (Male) |
| 24:09 | Queue | Villager (Male) |
| 24:09 | Queue | Villager (Male) |
| 24:21 | Research | Scale Barding Armor |
| 24:38 | Queue | Knight |
| 24:44 | Build | Monastery |
| 24:48 | Queue | Villager (Male) |
| 24:48 | Research | Town Watch |
| 24:53 | Build | Farm |
| 25:04 | Build | House |
| 25:06 | Build | House |
| 25:24 | Queue | Villager (Male) |
| 25:25 | Queue | Villager (Male) |
| 25:26 | Queue | Villager (Male) |
| 25:27 | Queue | Monk |
| 25:28 | Queue | Monk |
| 25:32 | Build | Siege Workshop |
| 25:52 | Queue | Villager (Male) |
| 25:53 | Queue | Villager (Male) |
| 25:54 | Queue | Villager (Male) |
| 26:09 | Queue | Villager (Male) |
| 26:10 | Queue | Villager (Male) |
| 26:29 | Build | Stone Wall |
| 26:36 | Queue | Villager (Male) |
| 26:37 | Queue | Villager (Male) |
| 26:38 | Queue | Villager (Male) |
| 26:39 | Queue | Villager (Male) |
| 26:45 | Queue | Monk |
| 26:53 | Queue | Mangonel |
| 26:57 | Build | Stone Wall |
| 27:00 | Queue | Villager (Male) |
| 27:04 | Queue | Villager (Male) |
| 27:05 | Queue | Villager (Male) |
Build order — [Traidor] Staun
First 150 of 237 actions detected
| 0:04 | Queue | Villager (Male) |
| 0:04 | Queue | Villager (Male) |
| 0:06 | Build | House |
| 0:08 | Build | House |
| 0:42 | Queue | Villager (Male) |
| 0:43 | Queue | Villager (Male) |
| 0:43 | Queue | Villager (Male) |
| 1:39 | Queue | Villager (Male) |
| 1:40 | Queue | Villager (Male) |
| 2:13 | Queue | Villager (Male) |
| 2:13 | Queue | Villager (Male) |
| 2:28 | Queue | Villager (Male) |
| 2:28 | Queue | Villager (Male) |
| 3:04 | Queue | Villager (Male) |
| 3:05 | Queue | Villager (Male) |
| 3:09 | Build | Mill |
| 3:29 | Queue | Villager (Male) |
| 3:29 | Queue | Villager (Male) |
| 3:44 | Build | House |
| 4:06 | Research | Loom |
| 4:24 | Queue | Villager (Male) |
| 4:24 | Queue | Villager (Male) |
| 4:35 | Build | Lumber Camp |
| 4:46 | Queue | Villager (Male) |
| 5:06 | Queue | Villager (Male) |
| 5:06 | Queue | Villager (Male) |
| 5:23 | Build | House |
| 5:28 | Queue | Villager (Male) |
| 5:48 | Queue | Villager (Male) |
| 5:49 | Queue | Villager (Male) |
| 5:58 | Queue | Villager (Male) |
| 5:58 | Queue | Villager (Male) |
| 5:58 | Queue | Villager (Male) |
| 6:23 | Queue | Villager (Male) |
| 6:54 | Queue | Villager (Male) |
| 6:54 | Queue | Villager (Male) |
| 7:12 | Queue | Villager (Male) |
| 7:47 | Queue | Villager (Male) |
| 8:14 | Queue | Villager (Male) |
| 8:14 | Queue | Villager (Male) |
| 9:46 | Research | Feudal Age |
| 10:01 | Build | Palisade Gate |
| 10:14 | Build | Palisade Wall |
| 10:26 | Queue | Villager (Male) |
| 10:26 | Queue | Villager (Male) |
| 10:40 | Build | Mining Camp |
| 10:50 | Build | Barracks |
| 11:21 | Build | Farm |
| 11:22 | Build | Farm |
| 11:56 | Age | Feudal Age |
| 11:59 | Build | House |
| 12:23 | Build | Blacksmith |
| 13:04 | Build | Stable |
| 13:13 | Queue | Villager (Male) |
| 13:33 | Research | Castle Age |
| 13:41 | Build | Farm |
| 13:42 | Build | Farm |
| 14:08 | Research | Double-Bit Axe |
| 14:21 | Build | Farm |
| 14:23 | Build | Farm |
| 14:29 | Research | Bloodlines |
| 14:52 | Build | Farm |
| 14:54 | Build | Farm |
| 15:02 | Queue | Villager (Male) |
| 15:03 | Queue | Villager (Male) |
| 15:20 | Build | House |
| 15:37 | Research | Scale Barding Armor |
| 15:49 | Build | House |
| 15:54 | Queue | Villager (Male) |
| 16:18 | Age | Castle Age |
| 16:22 | Build | Town Center |
| 16:29 | Queue | Villager (Male) |
| 16:33 | Build | Farm |
| 16:36 | Queue | Unit 1944 |
| 16:54 | Build | Farm |
| 16:55 | Queue | Villager (Male) |
| 17:04 | Queue | Unit 1944 |
| 17:23 | Build | Farm |
| 17:24 | Queue | Villager (Male) |
| 17:24 | Queue | Villager (Male) |
| 17:52 | Queue | Villager (Male) |
| 18:02 | Queue | Villager (Male) |
| 18:09 | Build | Stable |
| 18:13 | Queue | Unit 1944 |
| 18:30 | Build | Farm |
| 18:32 | Build | Farm |
| 18:35 | Queue | Villager (Male) |
| 19:00 | Build | Farm |
| 19:03 | Build | Farm |
| 19:10 | Build | Farm |
| 19:11 | Queue | Villager (Male) |
| 19:12 | Queue | Villager (Male) |
| 19:24 | Build | Farm |
| 19:28 | Queue | Villager (Male) |
| 19:33 | Queue | Villager (Male) |
| 19:40 | Queue | Unit 1944 |
| 19:41 | Queue | Unit 1944 |
| 19:45 | Build | House |
| 19:46 | Build | House |
| 20:10 | Research | Bow Saw |
| 20:13 | Queue | Villager (Male) |
| 20:42 | Research | Forging |
| 20:53 | Queue | Villager (Male) |
| 20:53 | Queue | Villager (Male) |
| 21:01 | Build | Farm |
| 21:04 | Build | Farm |
| 21:08 | Build | Farm |
| 21:08 | Queue | Villager (Male) |
| 21:09 | Queue | Villager (Male) |
| 21:39 | Queue | Villager (Male) |
| 21:50 | Build | Town Center |
| 21:53 | Queue | Villager (Male) |
| 21:59 | Research | Husbandry |
| 22:06 | Queue | Unit 1944 |
| 22:06 | Queue | Unit 1944 |
| 22:26 | Build | House |
| 22:28 | Build | House |
| 22:29 | Build | House |
| 22:33 | Research | Gold Mining |
| 22:35 | Queue | Villager (Male) |
| 22:41 | Build | Farm |
| 22:54 | Build | Farm |
| 22:58 | Queue | Villager (Male) |
| 22:59 | Queue | Villager (Male) |
| 23:21 | Research | Iron Casting |
| 23:31 | Queue | Villager (Male) |
| 23:33 | Build | Farm |
| 23:34 | Build | Farm |
| 23:36 | Build | Farm |
| 23:50 | Build | Mining Camp |
| 24:03 | Queue | Unit 1944 |
| 24:03 | Queue | Unit 1944 |
| 24:04 | Queue | Unit 1944 |
| 24:08 | Build | Farm |
| 24:10 | Build | Farm |
| 24:12 | Queue | Villager (Male) |
| 24:24 | Queue | Unit 1944 |
| 24:24 | Queue | Unit 1944 |
| 24:25 | Queue | Unit 1944 |
| 24:59 | Research | Chain Barding Armor |
| 25:03 | Build | Farm |
| 25:04 | Build | Farm |
| 25:04 | Build | Farm |
| 25:06 | Queue | Villager (Male) |
| 25:10 | Build | Farm |
| 25:14 | Queue | Villager (Male) |
| 25:21 | Build | Farm |
| 25:23 | Build | Farm |
| 25:56 | Queue | Unit 1944 |
| 25:57 | Queue | Unit 1944 |
Build order — Anfauglir8434
First 150 of 262 actions detected
| 0:02 | Queue | Villager (Male) |
| 0:02 | Queue | Villager (Male) |
| 0:03 | Queue | Villager (Male) |
| 0:03 | Queue | Villager (Male) |
| 0:04 | Build | House |
| 0:06 | Build | House |
| 1:28 | Queue | Villager (Male) |
| 1:29 | Queue | Villager (Male) |
| 1:58 | Queue | Villager (Male) |
| 2:12 | Queue | Villager (Male) |
| 2:55 | Queue | Villager (Male) |
| 2:55 | Queue | Villager (Male) |
| 3:02 | Queue | Villager (Male) |
| 3:02 | Queue | Villager (Male) |
| 3:28 | Build | House |
| 3:39 | Queue | Villager (Male) |
| 3:39 | Queue | Villager (Male) |
| 3:44 | Build | Lumber Camp |
| 3:57 | Queue | Villager (Male) |
| 3:57 | Queue | Villager (Male) |
| 4:13 | Build | Mining Camp |
| 4:17 | Queue | Villager (Male) |
| 4:17 | Queue | Villager (Male) |
| 4:54 | Queue | Villager (Male) |
| 4:55 | Queue | Villager (Male) |
| 5:29 | Queue | Villager (Male) |
| 6:08 | Research | Loom |
| 6:08 | Research | Loom |
| 6:58 | Research | Feudal Age |
| 8:05 | Build | Barracks |
| 8:22 | Queue | Villager (Male) |
| 9:08 | Queue | Villager (Male) |
| 9:08 | Age | Feudal Age |
| 9:15 | Build | House |
| 9:23 | Build | Archery Range |
| 9:30 | Build | Archery Range |
| 9:34 | Queue | Villager (Male) |
| 10:05 | Queue | Villager (Male) |
| 10:14 | Build | Palisade Gate |
| 10:14 | Build | Palisade Gate |
| 10:17 | Queue | Archer |
| 10:28 | Queue | Villager (Male) |
| 10:41 | Build | House |
| 10:44 | Build | Palisade Wall |
| 10:44 | Build | Palisade Wall |
| 10:55 | Queue | Archer |
| 10:55 | Queue | Archer |
| 11:05 | Queue | Villager (Male) |
| 11:08 | Queue | Archer |
| 11:08 | Queue | Archer |
| 11:16 | Build | Mill |
| 11:26 | Queue | Archer |
| 11:27 | Queue | Archer |
| 11:28 | Queue | Villager (Male) |
| 11:51 | Build | House |
| 11:53 | Build | House |
| 11:55 | Build | House |
| 11:58 | Build | House |
| 12:06 | Queue | Villager (Male) |
| 12:07 | Queue | Archer |
| 12:29 | Queue | Archer |
| 12:30 | Queue | Archer |
| 12:30 | Queue | Villager (Male) |
| 13:05 | Queue | Villager (Male) |
| 13:15 | Build | House |
| 13:17 | Queue | Villager (Male) |
| 13:27 | Build | Blacksmith |
| 13:33 | Queue | Archer |
| 13:48 | Queue | Villager (Male) |
| 14:05 | Build | House |
| 14:07 | Queue | Archer |
| 14:14 | Queue | Villager (Male) |
| 14:15 | Queue | Archer |
| 14:15 | Queue | Archer |
| 14:35 | Build | House |
| 14:38 | Queue | Archer |
| 14:39 | Queue | Villager (Male) |
| 14:54 | Queue | Archer |
| 15:04 | Build | House |
| 15:19 | Queue | Villager (Male) |
| 15:26 | Build | Farm |
| 15:27 | Build | Farm |
| 15:49 | Queue | Archer |
| 15:49 | Queue | Archer |
| 15:58 | Build | Palisade Wall |
| 16:08 | Queue | Villager (Male) |
| 16:10 | Queue | Archer |
| 16:11 | Queue | Archer |
| 16:45 | Queue | Villager (Male) |
| 16:56 | Build | Palisade Wall |
| 16:59 | Build | Palisade Wall |
| 17:11 | Queue | Villager (Male) |
| 17:12 | Queue | Archer |
| 17:13 | Queue | Archer |
| 17:28 | Build | House |
| 17:36 | Research | Wheelbarrow |
| 17:48 | Build | Market |
| 18:00 | Queue | Villager (Male) |
| 18:01 | Queue | Archer |
| 18:01 | Queue | Archer |
| 18:08 | Build | Farm |
| 18:10 | Build | Farm |
| 18:42 | Queue | Archer |
| 18:42 | Queue | Archer |
| 18:56 | Build | House |
| 19:03 | Build | Palisade Wall |
| 19:11 | Build | Palisade Gate |
| 19:12 | Queue | Villager (Male) |
| 19:13 | Queue | Archer |
| 19:13 | Queue | Archer |
| 19:22 | Build | Palisade Wall |
| 19:24 | Build | Palisade Wall |
| 19:26 | Build | Palisade Wall |
| 19:29 | Build | Palisade Wall |
| 19:34 | Build | Palisade Wall |
| 19:48 | Queue | Villager (Male) |
| 19:51 | Build | Farm |
| 19:51 | Build | Farm |
| 19:52 | Build | Farm |
| 20:03 | Build | Palisade Wall |
| 20:07 | Queue | Archer |
| 20:09 | Queue | Archer |
| 20:11 | Queue | Villager (Male) |
| 20:17 | Build | Farm |
| 20:33 | Queue | Villager (Male) |
| 20:36 | Build | Farm |
| 20:53 | Build | Farm |
| 20:54 | Queue | Villager (Male) |
| 20:55 | Queue | Archer |
| 21:06 | Build | Farm |
| 21:38 | Research | Castle Age |
| 21:41 | Queue | Archer |
| 21:48 | Build | House |
| 22:17 | Research | Fletching |
| 22:22 | Build | Farm |
| 22:26 | Build | Farm |
| 22:58 | Build | Archery Range |
| 23:01 | Queue | Archer |
| 23:02 | Queue | Archer |
| 23:04 | Research | Padded Archer Armor |
| 23:05 | Research | Double-Bit Axe |
| 23:27 | Build | Lumber Camp |
| 23:31 | Queue | Archer |
| 23:31 | Queue | Archer |
| 23:51 | Queue | Villager (Male) |
| 24:09 | Research | Gold Mining |
| 24:14 | Queue | Villager (Male) |
| 24:18 | Age | Castle Age |
| 24:20 | Research | Bodkin Arrow |
| 24:49 | Research | Crossbowman (upgrade) |
Match timeline
| 6:17 | Peanut · wall_segment Palisade Wall x3 |
| 6:20 | Komibeorn · first_building Barracks |
| 7:01 | Peanut · wall_segment Palisade Wall x11 |
| 7:44 | MuyFloji · first_building Barracks |
| 8:05 | Anfauglir8434 · first_building Barracks |
| 8:51 | MuyFloji · age_up feudal |
| 8:53 | MuyFloji · first_building Archery Range |
| 9:08 | Anfauglir8434 · age_up feudal |
| 9:18 | Peanut · wall_segment Palisade Wall x15 |
| 9:23 | Anfauglir8434 · first_building Archery Range |
| 9:34 | Komibeorn · age_up feudal |
| 10:14 | [Traidor] Staun · wall_segment Palisade Wall x3 |
| 10:23 | Komibeorn · first_building Archery Range |
| 10:44 | Anfauglir8434 · wall_segment Palisade Wall x1 |
| 10:44 | Anfauglir8434 · wall_segment Palisade Wall x1 |
| 10:50 | [Traidor] Staun · first_building Barracks |
| 10:55 | MuyFloji · wall_segment Palisade Wall x8 |
| 10:59 | Dr T · age_up feudal |
| 11:27 | Peanut · age_up feudal |
| 11:56 | [Traidor] Staun · age_up feudal |
| 11:57 | Dr T · first_market_sell 100 wood |
| 12:04 | Dr T · first_market_buy 100 food |
| 12:06 | MuyFloji · wall_segment Palisade Wall x1 |
| 12:38 | Peanut · first_market_sell 100 wood |
| 12:39 | Peanut · first_market_buy 100 food |
| 12:54 | Dr T · first_building Barracks |
| 13:04 | [Traidor] Staun · first_building Stable |
| 13:30 | Komibeorn · wall_segment Palisade Wall x15 |
| 14:30 | Dr T · first_building Stable |
| 14:35 | Peanut · first_building Barracks |
| 14:36 | Komibeorn · wall_segment Palisade Wall x7 |
| 15:16 | Komibeorn · wall_segment Palisade Wall x4 |
| 15:21 | Dr T · age_up castle |
| 15:32 | Peanut · first_building Stable |
| 15:38 | Peanut · age_up castle |
| 15:58 | Anfauglir8434 · wall_segment Palisade Wall x6 |
| 16:18 | [Traidor] Staun · age_up castle |
| 16:56 | Anfauglir8434 · wall_segment Palisade Wall x8 |
| 16:59 | Anfauglir8434 · wall_segment Palisade Wall x4 |
| 17:21 | Komibeorn · first_market_sell 100 wood |
| 17:22 | Komibeorn · first_market_buy 100 food |
| 19:03 | Anfauglir8434 · wall_segment Palisade Wall x1 |
| 19:22 | Anfauglir8434 · wall_segment Palisade Wall x1 |
| 19:24 | Anfauglir8434 · wall_segment Palisade Wall x4 |
| 19:26 | Anfauglir8434 · wall_segment Palisade Wall x1 |
| 19:29 | Anfauglir8434 · wall_segment Palisade Wall x4 |
| 19:34 | Anfauglir8434 · wall_segment Palisade Wall x3 |
| 19:43 | Anfauglir8434 · first_market_sell 100 wood |
| 19:46 | Anfauglir8434 · first_market_buy 100 food |
| 20:03 | Anfauglir8434 · wall_segment Palisade Wall x1 |
| 21:55 | Komibeorn · age_up castle |
| 22:49 | MuyFloji · age_up castle |
| 24:18 | Anfauglir8434 · age_up castle |
| 24:44 | Peanut · first_building Monastery |
| 24:47 | Dr T · first_building Monastery |
| 25:32 | Peanut · first_building Siege Workshop |
| 26:29 | Peanut · wall_segment Stone Wall x1 |
| 26:57 | Peanut · wall_segment Stone Wall x1 |
| 27:34 | Komibeorn · first_building Siege Workshop |
| 28:58 | Peanut · first_building Castle |
| 30:17 | Dr T · first_building Castle |
| 30:42 | [Traidor] Staun · first_building Castle |
| 32:18 | MuyFloji · first_building Castle |
| 34:09 | Anfauglir8434 · first_building Stable |
| 34:31 | MuyFloji · first_market_sell 100 food |
| 36:36 | Peanut · age_up imperial |
| 36:38 | Peanut · resign |
[ AI ANALYSIS · 1 CREDIT ]
What really happened in this match?
Wolo.gg analyzes every decision: build order, eco, micro, common mistakes by bracket. Personalized analysis on WhatsApp or Discord in 30 seconds.
Civ guide
Bulgarians
Perfil
Jugador #2310664